 Dungeon Crawl Stone Soup version 0.17.0-23-g0de4337 (console) character file.

71 gw the Grasshopper (level 4, -2/34 HPs)
             Began as a Human Warper on Nov 13, 2015.
             Slain by an adder (3 damage)
             ... on level 2 of the Dungeon.
             The game lasted 00:02:35 (2633 turns).

gw the Grasshopper (Human Warper)                   Turns: 2633, Time: 00:02:35

Health: -2/34      AC:  3    Str: 11    XL:     4   Next: 47%
Magic:  1/8        EV: 12    Int: 15    God:
Gold:   104        SH:  0    Dex: 12    Spells: 3 memorised, 1 level left

rFire  . . .     SeeInvis .     a - +0 spear
rCold  . . .     Clarity  .     b - +0 leather armour
rNeg   . . .     SustAt   .     (no shield)
rPois  .         Gourm    .     (no helmet)
rElec  .         Spirit   .     (no cloak)
rCorr  .         Warding  .     (no gloves)
rMut   .         Stasis   .     (no boots)
MR     .....                    (no amulet)
Stlth  +.........               (no ring)
                                (no ring)

@: lethally poisoned (-2 -> -12), very slightly contaminated, not resistant to
hostile enchantments, very unstealthy
A: no striking features
a: no special abilities


You were on level 2 of the Dungeon.
You were not hungry.

You visited 1 branch of the dungeon, and saw 2 of its levels.

You collected 104 gold pieces.

Inventory:

Hand Weapons
 a - a +0 spear (weapon)
Missiles
 k - 128 stones (quivered)
 o - 4 needles of confusion
Armour
 b - a +0 leather armour (worn)
Scrolls
 d - a scroll of blinking
 e - a scroll of recharging
 g - a scroll of remove curse {unknown}
 h - a scroll of identify
 p - a scroll of fog {unknown}
Potions
 l - a potion of poison {unknown}
Books
 c - a book of Spatial Translocations

   Spells                             Type                      Level
   a - Apportation                    Translocation                1
   b - Blink                          Translocation                2
   c - Shroud of Golubria             Charms/Translocation         2
   d - Portal Projectile              Translocation                3
   e - Teleport Other                 Translocation                3
   f - Passage of Golubria            Translocation                4
Comestibles
 f - 2 bread rations
 j - 3 fruits
 m - a meat ration
 n - a beef jerky


   Skills:
 + Level 2.5 Fighting
 + Level 2.4 Polearms
 + Level 1.2 Throwing
 + Level 1.9 Armour
 - Level 2.0 Dodging
 * Level 2.7 Spellcasting
 + Level 3.2 Translocations


You had one spell level left.
You knew the following spells:

 Your Spells              Type           Power        Failure   Level  Hunger
a - Portal Projectile     Tloc           ##....       24%         3    ###....
b - Blink                 Tloc           N/A          14%         2    ##.....
c - Shroud of Golubria    Chrm/Tloc      #.........   24%         2    ##.....


Dungeon Overview and Level Annotations

Branches:
Dungeon (2/15)

Altars:


Message History

The adder is almost dead.
The adder barely misses you.
ATTACKING (0,1)
You closely miss the adder.
The adder is almost dead.
You feel sick. The adder bites you.
You are more poisoned.
The adder poisons you!
Your shroud falls apart!
Casting: Shroud of Golubria
Confirm with . or Enter, or press ? or * to list all spells.
You miscast Shroud of Golubria.
You are very lightly contaminated with residual magic.
The world appears momentarily distorted!
You feel sick. The adder completely misses you. The adder misses you.
Casting: Shroud of Golubria
Confirm with . or Enter, or press ? or * to list all spells.
Space distorts slightly along a thin shroud covering your body.
You feel sick. The adder bites you.
You die...

#######.#####.##.#
.(.........##.##.#############
.###.##.##.##.##.##..........#
.# #.##.##.##.#...#)########.#
.###.##.#.#.#.[.....# #.#
.##...#..###..#...#.# #.#
........## ##...<...# #.#
####.###.###.###.#### #.# #
#.# ##.#.## #p# ###.#### # #.#
##.## #S# #......# # #.# ###
... #.#.##.# # #.# .....
#.#..#.# # #. ....(.. # #....#
......... .#.#.# '.........'
...#.# ##....(....#. ......#
... ..#


You could see an adder.

Table legend:
 A = Turns spent in this place as a percentage of turns spent in the entire game.
 B = Non-inter-level travel turns spent in this place as a percentage of non-inter-level travel turns spent in the entire game.
 C = Inter-level travel turns spent in this place as a percentage of turns spent in this place.
 D = Turns resting spent in this place as a percentage of non-inter-level travel turns spent in this place.
 E = Turns spent auto-exploring this place as a percentage of non-inter-level travel turns spent in this place.
 F = Non-inter-level travel turns spent in this place divided by the number of levels of this place that you've seen.
                   A       B       C       D       E      F
               +-------+-------+-------+-------+-------+----------------------
         Total | 100.0 | 100.0 |   0.5 |   2.2 |   2.3 | 1709.5
       Dungeon | 100.0 | 100.0 |   0.5 |   2.2 |   2.3 | 1709.5
               +-------+-------+-------+-------+-------+----------------------

Table legend:
 A = Kills in this place as a percentage of kills in entire the game.
 B = Kills by you in this place as a percentage of kills by you in the entire game.
 C = Kills by friends in this place as a percentage of kills by friends in the entire game.
 D = Other kills in this place as a percentage of other kills in the entire game.
 E = Experience gained in this place as a percentage of experience gained in the entire game.
 F = Experience gained in this place divided by the number of levels of this place that you have seen.
                   A       B       C       D       E      F
               +-------+-------+-------+-------+-------+----------------------
         Total | 100.0 | 100.0 |  -nan |  -nan | 100.0 |  51.0
       Dungeon | 100.0 | 100.0 |  -nan |  -nan | 100.0 |  51.0
               +-------+-------+-------+-------+-------+----------------------

Vanquished Creatures
  2 adders
  An ooze (D:1)
  A worm (D:2)
  2 giant geckos
  A ball python (D:2)
  6 bats
  A giant cockroach (D:2)
  9 goblins
  4 hobgoblins
  3 jackals (D:2)
  6 giant newts
  3 kobolds
  5 rats
44 creatures vanquished.

Notes
Turn   | Place    | Note
--------------------------------------------------------------
     0 | D:1      | gw the Human Warper began the quest for the Orb.
     0 | D:1      | Reached XP level 1. HP: 16/16 MP: 3/3
   246 | D:1      | Reached XP level 2. HP: 22/22 MP: 5/5
   250 | D:1      | Learned a level 2 spell: Blink
   253 | D:1      | Learned a level 2 spell: Shroud of Golubria
   704 | D:1      | Reached XP level 3. HP: 27/27 MP: 3/6
  1384 | D:1      | Learned a level 3 spell: Portal Projectile
  1736 | D:2      | Reached XP level 4. HP: 15/34 MP: 1/7
  2633 | D:2      | HP: 1/34 [poisoned by an adder]
  2633 | D:2      | Slain by an adder

Action                   |  1- 3 |  4- 6 || total
-------------------------+-------+-------++-------
Melee: Spear             |   119 |    87 ||   206
Throw: Tomahawk          |    28 |    20 ||    48
       Stone             |       |     4 ||     4
 Cast: Shroud of Golubri |    24 |     5 ||    29
  Use: Scroll            |     3 |       ||     3
       Potion            |     1 |       ||     1
  Eat: Chunk             |     4 |     4 ||     8

Vault maps used:
D:1:      saegor_arrival_simple_e, grunt_decor_arrowhead, st_stairs_13
